 Dungeon Sprint DCSS version 0.19.3-4-gbf9329e (webtiles) character file.

883 Kagutsuchi the Fighter (level 7, 0/74 HPs)
             Began as a Pale Draconian Berserker on Jan 27, 2017.
             Was a Priest of Trog.
             Slain by a tyrant leech (8 damage)
             ... in the Dungeon (Sprint II: "The Violet Keep of Menkaure").
             The game lasted 00:01:24 (331 turns).

Kagutsuchi the Fighter (Pale Draconian Berserker)    Turns: 331, Time: 00:01:25

Health: 0/74       AC:  6    Str: 20    XL:     7   Next: 76%
Magic:  7/7        EV: 17    Int:  5    God:    Trog [***...]
Gold:   243        SH:  0    Dex: 12    Spells: 0 memorised, 6 levels left

rFire  . . .     SeeInvis .     a - +0 falchion
rCold  . . .     Gourm    .     (armour unavailable)
rNeg   . . .     Faith    .     (no shield)
rPois  .         Spirit   .     (helmet restricted)
rElec  .         Reflect  .     (no cloak)
rCorr  .         Harm     .     (no gloves)
MR     .....     Rnd*Rage +     (no boots)
Stlth  +......... NoTele   +    (no amulet)
                                (no ring)
                                (no ring)

@: no status effects
A: breathe steam, unfitting armour, berserk 1, dopey 1, cold-blooded, AC +6
a: Breathe Steam, Berserk, Trog's Hand, Burn Spellbooks, Renounce Religion


You were in the Dungeon.
You worshipped Trog.
Trog was most pleased with you.
You were not hungry.

You visited 1 branch You collected 243 gold pieces.

Inventory:

Hand Weapons
 a - a +0 falchion (weapon)
Scrolls
 h - a scroll of blinking
Potions
 e - a potion of haste
 f - 2 potions of magic
 g - a potion of berserk rage
Comestibles
 b - a bread ration


   Skills:
 + Level 11.0 Fighting
 + Level 10.1 Long Blades
 + Level 9.9 Dodging
 + Level 0.4 Stealth


You had 6 spell levels left.
You didn't know any spells.

Dungeon Overview and Level Annotations

Branches:
Dungeon (1/1)

Altars:


Innate Abilities, Weirdness & Mutations

You can breathe blasts of scalding, opaque steam.
Your pale cyan-grey scales are hard. (AC +6)
You cannot fit into any form of body armour.
You are cold-blooded and may be slowed by cold attacks.
You tend to lose your temper in combat.
You are dopey. (Int -2)


Message History

Your tail-slap misses the tyrant leech.
The tyrant leech is moderately wounded.
The tyrant leech bites you!!
The tyrant leech draws strength from your injuries!
You completely miss the tyrant leech.
The tyrant leech is moderately wounded.
The tyrant leech bites you.
The tyrant leech draws strength from your injuries!
The tyrant leech bites you!
* * * LOW HITPOINT WARNING * * *
The tyrant leech draws strength from your injuries!
You feel better. The tyrant leech barely misses you.
There isn't anything here!
You hit the tyrant leech.
The tyrant leech is heavily wounded.
The tyrant leech bites you!
* * * LOW HITPOINT WARNING * * *
The tyrant leech draws strength from your injuries!
The tyrant leech bites you!
You die...

## ###
#.##..# #
#...# # ##.
##'## w##
#...##.##w..#
#'w@.+#
#$..##w##w#
##. #†# .# #
#.#.# # #.#
#.# ## ##


You could see 2 tyrant leeches.

Vanquished Creatures
  2 hippogriffs (D)
  4 neqoxecs (D)
  Menkaure (D)
7 creatures vanquished.

Vanquished Creatures (others)
  A crocodile (D)
1 creature vanquished.

Grand Total: 8 creatures vanquished

Notes
Turn   | Place    | Note
-------+----------+-------------------------------------------
     0 | D        | Kagutsuchi the Draconian Berserker began the quest for the Orb.
     0 | D        | Reached XP level 1. HP: 19/19 MP: 1/1
     1 | D        | Noticed a tyrant leech
     1 | D        | Noticed a tyrant leech
     9 | D        | Noticed a neqoxec
     9 | D        | Noticed a neqoxec
     9 | D        | Noticed a neqoxec
     9 | D        | Noticed a neqoxec
    10 | D        | Noticed a crimson imp
    12 | D        | Noticed a crimson imp
    15 | D        | Killed a crocodile
    20 | D        | Noticed an iron imp
    20 | D        | Killed a neqoxec
    20 | D        | Reached skill level 7 in Fighting
    20 | D        | Reached skill level 5 in Dodging
    20 | D        | Reached XP level 2. HP: 33/34 MP: 2/2
    20 | D        | Reached XP level 3. HP: 37/39 MP: 3/3
    20 | D        | Reached XP level 4. HP: 45/47 MP: 4/4
    26 | D        | Killed a neqoxec
    26 | D        | Reached ** piety under Trog
    26 | D        | Reached skill level 8 in Fighting
    26 | D        | Reached XP level 5. HP: 47/56 MP: 5/5
    32 | D        | Killed a neqoxec
    32 | D        | Reached skill level 9 in Fighting
    32 | D        | Reached XP level 6. HP: 43/64 MP: 6/6
    39 | D        | Gained mutation: You tend to lose your temper in combat. [a neqoxec]
    45 | D        | Gained mutation: You are dopey. (Int -2) [a neqoxec]
    46 | D        | Killed a neqoxec
    46 | D        | Reached skill level 10 in Fighting
    46 | D        | Your scales start taking on a pale cyan-grey colour.
    46 | D        | Reached XP level 7. HP: 24/72 MP: 7/7
    53 | D        | Noticed Menkaure
    57 | D        | Killed Menkaure
   265 | D        | Noticed a hippogriff
   265 | D        | Noticed a hippogriff
   272 | D        | Killed a hippogriff
   272 | D        | Reached *** piety under Trog
   276 | D        | Killed a hippogriff
   276 | D        | Reached skill level 11 in Fighting
   276 | D        | Reached skill level 10 in Long Blades
   331 | D        | Slain by a tyrant leech

Skill      XL: |  1  2  3  4  5  6  7 |
---------------+----------------------+-----
Fighting       | 7 8 9 10 11 | 11.0
Long Blades    | 6 7 8 9 10 | 10.1
Dodging        | 5 7 8 9 |  9.9
Stealth        | |  0.4

Action                   |  1- 3 |  4- 6 |  7- 9 || total
-------------------------+-------+-------+-------++-------
Melee: Falchion          |    10 |    23 |    20 ||    53
       Tailslap          |       |     7 |     4 ||    11
Invok: Berserk           |     1 |       |     1 ||     2
 Abil: Breathe Steam     |       |       |     1 ||     1
  Use: Potion            |       |     1 |     1 ||     2
Armor: Skin              |       |    10 |     5 ||    15
Dodge: Dodged            |     6 |    32 |     8 ||    46
       Rpst.: Falchion   |     2 |    10 |       ||    12
